Match 36084662
Unlisted

Match 36084662
End
Pioneer Squad
Construct Infanterie Kompanie
Grenadier Squad
Selects Breakthrough Battlegroup
Selects Assault Grenadiers
Grenadier Squad
MG 42 Machine Gun Team
GrW 34 Mortar Team
Construct Panzergrenadier Kompanie
251 Medium Carrier
Medical Station
Pak 40 Anti-tank Gun Team
Selects Rapid Production
Construct Panzer Kompanie
Panzergrenadier Squad
Selects Blitzkrieg
Construct Panzer Kompanie
Panzer IV Medium Tank
Panzer IV Medium Tank
Stoßtruppen Squad
Panzer IV Medium Tank
Side Skirts
Competitor
Bravocon
Ni
Pathfinder
0
0

Comments sign in to comment!

No comments posted yet!